Map: Abyssal Reef LE

Players

IlIlIlIlIlIl - Winner!

  • Race: Zerg Zerg
  • League: Master
  • Spawn Location: 11:00

Railgan

  • Race: Zerg Zerg
  • League: Grandmaster
  • Spawn Location: 5:00

VOD

Have the link to the VOD?

Description

Time

  • Played on: March 23, 2017, 6:40 p.m.
  • Length: 10:47
Show
View Real Time Build Order
Export as new Build Order

IlIlIlIlIlIl Zerg - Winner!

Build Orders: Hatch First 

Get SALT Encoding   

  12  0:01  Drone  
  13  0:08  Drone  
  14  0:18  Overlord  
  14  0:24  Extractor  
  14  0:25  Drone  
  15  0:36  Drone x2  
  17  0:53  Hatchery  
  16  0:57  Drone  
  16  1:01  Extractor  
  16  1:02  Drone  
  17  1:18  Spawning Pool  
  16  1:20  Drone  
  16  1:24  Drone  
  18  1:29  Drone  
  19  1:37  Overlord  
  19  1:53  Drone  
  20  2:00  Drone  
  21  2:04  Queen  
  21  2:05  Metabolic Boost  
  21  2:06  Zergling x2  
  24  2:16  Queen  
  24  2:19  Drone  
  27  2:24  Drone  
  27  2:28  Drone x2  
  30  2:32  Drone  
  31  2:37  Drone  
  31  2:40  Baneling Nest  
  31  2:43  Drone  
  32  2:56  Zergling x4  
  33  3:01  Zergling x2  
  34  3:09  Overlord  
  34  3:10  Hatchery  
  33  3:13  Drone  
  33  3:16  Drone x2  
  36  3:26  Baneling x2  
  36  3:27  Baneling  
  36  3:29  Zergling x6  
  36  3:31  Overlord  
  36  3:33  Drone  
  40  3:38  Drone x2  
  42  3:43  Drone  
  42  3:44  Drone  
  44  3:49  Baneling x2  
  44  3:53  Drone  
  44  3:54  Drone x3  
  48  3:57  Overlord  
  48  4:00  Drone x2  
  50  4:06  Drone x2  
  52  4:12  Roach Warren  
  52  4:15  Evolution Chamber  
  52  4:16  Drone x2  
  52  4:19  Extractor  
  52  4:21  Extractor  
  50  4:24  Drone  
  50  4:28  Drone x3  
  53  4:32  Drone  
  53  4:33  Drone  
  53  4:35  Zergling x2  
  53  4:36  Zergling x6  
  57  4:39  Lair  
  57  4:42  Zerg Missile Weapons Level 1  
  57  4:44  Zergling x4  
  58  4:47  Drone  
  59  4:55  Drone  
  59  4:56  Queen  
  59  4:57  Extractor, Overlord  
  61  5:02  Overlord  
  61  5:05  Roach x2  
  65  5:13  Evolution Chamber  
  64  5:14  Drone  
  64  5:16  Roach x2  
  64  5:17  Roach x2  
  64  5:21  Overlord  
  73  5:25  Drone  
  73  5:26  Drone x2  
  73  5:27  Drone  
  75  5:39  Drone x8  
  75  5:42  Glial Reconstitution  
  80  5:47  Overlord  
  80  5:51  Drone x3  
  80  5:52  Drone  
  80  5:55  Ravager x2  
  80  5:56  Ravager x2  
  80  5:57  Ravager  
  89  5:58  Overlord  
  89  6:01  Drone  
  90  6:06  Extractor x2  
  90  6:08  Roach x4  
  96  6:15  Overlord x2  
  96  6:18  Drone x2  
  96  6:19  Drone  
  96  6:21  Overlord x2  
  99  6:27  Zerg Ground Armor Level 1  
  99  6:28  Overseer  
  99  6:35  Roach x5  
  109  6:43  Zerg Missile Weapons Level 2  
  109  6:45  Roach  
  109  6:46  Roach x2  
  115  6:50  Roach x3  
  121  6:54  Drone  
  121  6:55  Overlord x2  
  121  6:59  Roach x3  
  128  7:04  Overlord x2  
  128  7:16  Roach  
  128  7:17  Roach x4  
  128  7:21  Overlord x2  
  138  7:24  Roach x4  
  138  7:27  Overlord  
  138  7:29  Overlord  
  145  7:40  Overlord x2  
  145  7:42  Roach x4  
  152  7:51  Overlord x2  
  152  7:52  Ravager x2  
  152  7:53  Ravager x6  
  152  7:55  Roach x2  
  152  7:56  Roach  
  165  8:06  Roach x6  
  165  8:07  Roach  
  165  8:11  Roach  
  165  8:12  Roach  
  175  8:20  Roach x5  
  175  8:21  Roach  
  187  8:29  Roach  
  187  8:30  Roach x4  
  195  8:39  Roach x4  
  199  8:44  Overseer  
  199  8:45  Overseer  
  199  8:47  Overlord x2  
  199  8:55  Overlord  
  191  9:00  Roach  
  191  9:02  Overlord  
  189  9:10  Roach x6  
  169  9:36  Roach x11  
  169  9:37  Roach x3  
  189  9:43  Roach x4  
  164  9:56  Roach x3  
  148  10:05  Roach x3  
  149  10:08  Overseer  
  149  10:13  Roach x2  
  153  10:18  Roach  
  155  10:23  Overseer  
  155  10:27  Roach x9  
Show
View Real Time Build Order
Export as new Build Order

Railgan Zerg 

Build Orders: Hatch First 

Get SALT Encoding   

  12  0:01  Drone  
  13  0:12  Overlord  
  13  0:26  Drone  
  14  0:32  Drone  
  15  0:36  Drone  
  16  0:48  Drone  
  17  0:55  Hatchery  
  17  0:56  Drone  
  17  1:02  Extractor  
  16  1:09  Drone  
  17  1:17  Spawning Pool  
  16  1:18  Drone  
  17  1:28  Drone  
  18  1:39  Drone  
  19  1:49  Overlord  
  19  2:02  Drone  
  19  2:05  Metabolic Boost  
  19  2:06  Queen x2  
  25  2:08  Zergling x2  
  25  2:11  Drone  
  26  2:19  Drone  
  26  2:22  Baneling Nest  
  26  2:27  Zergling x2  
  26  2:28  Drone  
  28  2:32  Drone  
  29  2:39  Drone  
  30  2:47  Zergling x2  
  31  2:51  Drone  
  31  2:58  Hatchery  
  31  2:59  Drone  
  31  3:02  Drone  
  33  3:06  Drone  
  33  3:11  Drone  
  35  3:16  Drone, Overlord  
  35  3:26  Extractor, Baneling x2  
  34  3:27  Overlord  
  34  3:28  Drone  
  35  3:35  Drone x2  
  35  3:36  Baneling  
  35  3:37  Zergling x4  
  35  3:38  Drone  
  40  3:41  Drone  
  41  3:51  Queen  
  41  3:52  Roach Warren  
  41  3:54  Zergling x2  
  43  3:57  Drone  
  43  3:59  Drone  
  43  4:01  Drone  
  46  4:03  Drone  
  46  4:09  Drone  
  48  4:12  Lair  
  48  4:20  Baneling  
  48  4:21  Evolution Chamber  
  48  4:24  Drone x4  
  47  4:27  Drone  
  47  4:29  Drone x2  
  50  4:34  Drone  
  50  4:35  Drone x2  
  53  4:39  Overlord  
  53  4:41  Drone  
  54  4:46  Drone x3  
  54  4:50  Overlord  
  57  4:56  Drone  
  57  4:59  Extractor  
  57  5:01  Drone x2, Zerg Missile Weapons Level 1  
  57  5:02  Overlord  
  59  5:08  Drone x3  
  59  5:09  Drone  
  59  5:10  Drone  
  59  5:11  Glial Reconstitution  
  59  5:14  Drone  
  65  5:19  Drone  
  65  5:20  Drone  
  67  5:21  Drone  
  67  5:22  Drone  
  67  5:25  Roach x2  
  67  5:27  Extractor  
  70  5:39  Roach x5  
  70  5:40  Drone  
  70  5:42  Drone x3  
  81  5:45  Overlord  
  81  5:47  Extractor, Overlord  
  81  5:49  Roach  
  82  5:50  Overlord  
  82  5:51  Overlord  
  82  6:00  Overlord  
  82  6:04  Ravager x2  
  82  6:05  Ravager x2  
  82  6:06  Roach x2  
  82  6:11  Drone x4  
  93  6:12  Roach x5  
  104  6:20  Hatchery  
  104  6:24  Drone x3  
  106  6:28  Extractor, Roach  
  106  6:29  Roach x2  
  111  6:33  Roach  
  111  6:39  Overlord  
  113  6:43  Overlord  
  113  6:48  Overlord  
  113  6:49  Overlord  
  113  6:54  Overlord x2  
  113  7:01  Overlord x3  
  113  7:02  Roach  
  113  7:03  Roach x3  
  113  7:07  Overlord, Roach  
  123  7:08  Zerg Missile Weapons Level 2  
  123  7:14  Hydralisk Den  
  122  7:18  Roach x6  
  134  7:25  Overlord  
  134  7:27  Overseer, Roach  
  136  7:30  Roach x2  
  136  7:31  Roach x2  
  144  7:40  Roach  
  144  7:41  Roach x5  
  156  7:44  Lurker Den  
  156  7:58  Roach  
  156  7:59  Hydralisk x2, Roach  
  156  8:04  Roach x4  
  172  8:06  Roach  
  172  8:08  Roach x4  
  176  8:14  Ravager  
  176  8:15  Ravager x4  
  176  8:16  Drone x4  
  176  8:19  Overlord  
  185  8:21  Roach  
  185  8:24  Roach x2  
  181  8:40  Roach  
  183  8:46  Overlord  
  183  8:48  Roach  
  179  8:56  Hydralisk  
  179  8:57  Hydralisk x2  
  179  9:02  Roach  
  187  9:04  Roach x7  
  199  9:12  Lurker  
  194  9:18  Roach  
  194  9:23  Roach  
  194  9:24  Roach x10  
  190  9:28  Roach  
  190  9:29  Roach  
  171  9:36  Roach  
  151  9:40  Roach  
  151  9:44  Roach  
  151  9:45  Roach x4  
  138  9:46  Roach  
  138  9:51  Roach  
  120  9:57  Roach  
  114  10:00  Roach  
  114  10:03  Roach  
  114  10:05  Hydralisk  
  114  10:07  Roach  
  104  10:13  Roach  
  108  10:17  Roach  
  108  10:18  Ravager x2  
  108  10:19  Roach  
  112  10:24  Roach  
  114  10:34  Lurker  
Tags
 
Add a new tag
Caveats
  • Supply blocks, unpowered buildings, or Contaminate may cause inaccurate times.
  • Supply counts are checked every 10 seconds.